 Dungeon Crawl Stone Soup version 0.27.0-1-g7a089689b8 (webtiles) character file.

Game seed: 9633075401594724000

162 ZARRMARR the Chopper (level 5, -6/47 HPs)
             Began as a Hill Orc Monk on Aug 14, 2021.
             Mangled by an orc (8 damage)
             ... on level 4 of the Dungeon.
             The game lasted 00:13:43 (3769 turns).

ZARRMARR the Chopper (Hill Orc Monk)                Turns: 3769, Time: 00:13:44

Health: -6/47      AC:  3    Str: 15    XL:     5   Next: 43%
Magic:  5/5        EV: 13    Int: 10    God:
Gold:   67         SH:  0    Dex: 13    Spells: 4/4 levels left

rFire    . . .     SeeInvis .   a - +0 hand axe
rCold    . . .     Faith    .   (no shield)
rNeg     . . .     Spirit   .   b - +1 robe
rPois    .         Reflect  .   (no helmet)
rElec    .         Harm     .   l - scarf {repulsion}
rCorr    .         Rampage  .   (no gloves)
Will     .....                  (no boots)
Stlth    +.........             h - amulet of regeneration
HPRegen  1.15/turn              (no ring)
MPRegen  0.09/turn              (no ring)

@: lethally poisoned (-6 -> -7), repel missiles, very slow
A: no striking features
a: no special abilities


You were on level 4 of the Dungeon.
You visited 1 branch of the dungeon, and saw 4 of its levels.

You collected 67 gold pieces.

Inventory:

Hand Weapons
 a - a +0 hand axe (weapon)
 e - a +0 club
Missiles
 d - 17 stones
 k - 7 poisoned darts (quivered)
Armour
 b - a +1 robe (worn)
 l - a scarf of repulsion (worn)
Jewellery
 h - an amulet of regeneration (around neck)
Potions
 c - a potion of mutation {unknown}
 g - 3 potions of flight
 i - a potion of magic {unknown}


   Skills:
 + Level 4.5 Fighting
 + Level 5.3 Axes
 + Level 1.1 Throwing
 + Level 3.1 Dodging
 + Level 2.4 Stealth


You had 4 spell levels left.
You didn't know any spells.
Your spell library contained the following spells:

 Spells                   Type           Power      Damage    Failure   Level
 Ozocubu's Armour         Ice            0%         N/A       75%         3
 Ozocubu's Refrigeration  Ice            0%         4d5       100%        7


Dungeon Overview and Level Annotations

Branches:
Dungeon (4/15)
 Temple: D:4-7

Altars:
Ru

Portals:
Sewer: D:4


Message History

The adder closely misses you.
You bump into the rock wall.
You feel sick. The orc misses you.
You hear some strange, mumbled words.
Something tries to affect you, but you resist.
The adder closely misses you. Something hits you but does no damage.
You bump into the rock wall.
You feel sick. The adder misses you. The orc barely misses you.
Something hits you but does no damage. Something hits you.
You bump into the rock wall.
You feel sick.
You are no longer poisoned.
The adder bites you but does no damage. The orc hits you but does no damage.
Something barely misses you. Something hits you. The adder barely misses you.
You're too confused to move!
The orc closely misses you. Something hits you. The adder closely misses you.
Something hits you.
You hit the adder but do no damage.
The adder is moderately wounded.
You completely miss the orc. You closely miss something. You miss something.
The orc barely misses you. The adder bites you.
You are poisoned.
The adder poisons you! Something hits you but does no damage.
Something hits you. The orc closely misses you.
You bump into the rock wall.
You feel sick. The adder misses you. Something hits you.
* * * LOW HITPOINT WARNING * * *
Something hits you.
* * * LOW HITPOINT WARNING * * *
The adder closely misses you. The orc hits you with a +0 flail.
* * * LOW HITPOINT WARNING * * *
You closely miss something. You completely miss something. You miss the adder.
You hit the orc.
You feel less confused.
You feel sick.
You hear some strange, mumbled words.
A magic dart appears from out of thin air!
The magic dart hits you.
* * * LOW HITPOINT WARNING * * *
The adder closely misses you. Something hits you.
* * * LOW HITPOINT WARNING * * *
The orc hits you with a +0 flail!
You die...

#...........
#..........##
###..........#
.............###
...............##
..>.............#
#..........# ..
#......o{{.#
..##..(...#@#.#
..........#S#.o#
..........#≈#.##
..........#≈#..
..........#≈#.o
..........#≈#.o#
.......<..#≈#
.........(#∩#
....###..##


You could see an adder and an orc.

Vanquished Creatures
  A howler monkey (D:2)
  2 adders
  2 worms
  A dart slug (D:1)
  3 orcs (D:3)
  6 ball pythons
  5 endoplasms
  2 giant cockroaches
  14 goblins
  6 hobgoblins
  19 jackals
  3 quokkas
  6 bats
  2 frilled lizards (D:1)
  3 kobolds
  9 rats
84 creatures vanquished.

Notes
Turn   | Place    | Note
-------+----------+-------------------------------------------
     0 | D:1      | ZARRMARR the Hill Orc Monk began the quest for the Orb.
     0 | D:1      | Reached XP level 1. HP: 19/19 MP: 1/1
   218 | D:1      | Reached XP level 2. HP: 14/27 MP: 2/2
   967 | D:1      | Found a faded altar of an unknown god.
  1030 | D:1      | Reached XP level 3. HP: 22/33 MP: 3/3
  2360 | D:2      | Found a sacrificial altar of Ru.
  2375 | D:2      | Reached XP level 4. HP: 40/40 MP: 4/4
  2653 | D:2      | Reached skill level 5 in Axes
  2656 | D:2      | Reached skill level 1 in Throwing
  2804 | D:2      | Reached XP level 5. HP: 26/47 MP: 5/5
  3744 | D:4      | Found a glowing drain.
  3769 | D:4      | HP: 2/47 [something (1)]
  3769 | D:4      | Mangled by an orc

Illustrated notes

Levels and vault maps discovered:
D:1:      wander_arrival_fairy_ring, layout_basic,
          hellmonk_ecumenical_altar_pennies_from_heaven,
          minmay_misc_feat_encased, moated_statue, st_stairs_2
D:2:      layout_rooms, basic_altar
D:3:      layout_loops_cross, st_stairs_5, minmay_goblin_outpost
D:4:      kennysheep_kobold_camp, layout_cave_pools, portal_sewer_entry_d,
          chequers_arboretum

Skill      XL: |  1  2  3  4 |
---------------+-------------+-----
Fighting       | 4 |  4.5
Stealth        | 2 |  2.4
Axes           | 5 |  5.3
Dodging        | 3 |  3.1
Throwing       | 1 |  1.1

Action                   |  1- 3 |  4- 6 || total
-------------------------+-------+-------++-------
Melee: Hand axe          |   140 |   131 ||   271
Throw: Stone             |    21 |    35 ||    56
       Dart              |       |     3 ||     3
  Use: Scroll            |     1 |     7 ||     8
       Potion            |       |     2 ||     2
 Stab: Distracted        |     1 |       ||     1
       Sleeping          |     3 |     2 ||     5
Armor: Robe              |    31 |    39 ||    70
Dodge: Dodged            |   115 |   143 ||   258
